 Dungeon Crawl Stone Soup version 0.30-a0-737-gf23d94013f (webtiles) character file.

Game seed: 2631728853125277721

287 mandoloar the Cudgeller (level 6, -8/38 HPs)
             Began as a Gargoyle Fighter on Feb 2, 2023.
             Mangled by a wight
             ... wielding a +4 battleaxe
              (12 damage)
             ... on level 4 of the Dungeon.
             The game lasted 00:08:39 (2963 turns).

mandoloar the Cudgeller (Gargoyle Fighter)          Turns: 2963, Time: 00:08:40

Health: -8/38      AC: 14    Str: 27    XL:     6   Next: 30%
Magic:  6/6        EV: 14    Int:  9    God:
Gold:   162        SH:  4    Dex:  9    Spells: 5/5 levels left

rFire   . . .      SeeInvis .    a - +1 flail
rCold   . . .      Faith    .    c - +0 buckler
rNeg    + . .      Spirit   .    b - +0 scale mail
rPois   ∞          Reflect  .    (no helmet)
rElec   +          Harm     .    v - +0 cloak
rCorr   .          Rampage  .    n - +1 pair of gloves
Will    .....                    (no boots) Stlth
                                 (no amulet)
HPRegen 0.26/turn                o - +6 ring of strength
MPRegen 0.10/turn                x - +5 ring of evasion

@: no status effects
A: sickness immunity, AC +4, negative energy resistance 1, electricity
resistance, torment resistance 1, petrification resistance
a: no special abilities


You were on level 4 of the Dungeon.
You visited 1 branch of the dungeon, and saw 4 of its levels.

You collected 162 gold pieces.

Inventory:

Hand Weapons
 a - a +1 flail (weapon)
Missiles
 g - 57 stones (quivered)
 q - 6 boomerangs
Armour
 b - a +0 scale mail (worn)
 c - a +0 buckler (worn)
 n - a +1 pair of gloves (worn)
 v - a +0 cloak (worn)
Jewellery
 o - a +6 ring of strength (left hand)
 x - a +5 ring of evasion (right hand)
Wands
 r - a wand of paralysis (7)
 w - a wand of iceblast (4)
Scrolls
 h - 2 scrolls of enchant weapon
 k - 2 scrolls of teleportation
Potions
 d - 3 potions of might
 e - a potion of berserk rage
 f - a potion of mutation {unknown}
 i - a potion of degeneration {unknown}
 j - 4 potions of haste {unknown}
 l - 2 potions of lignification {unknown}
 m - 2 potions of flight {unknown}
 p - 4 potions of attraction {unknown}
 s - 2 potions of cancellation {unknown}
 t - a potion of resistance {unknown}
 u - 3 potions of heal wounds {unknown}


   Skills:
 - Level 4.2 Fighting
 + Level 5.3 Maces & Flails
 - Level 4.3 Armour
 - Level 3.2 Shields


You had 5 spell levels left.
You didn't know any spells.
Your spell library contained the following spells:

 Spells                   Type           Power      Damage    Failure   Level
 Lesser Beckoning         Tloc           0%         N/A       87%         2
 Gell's Gravitas          Tloc           0%         N/A       98%         3
 Inner Flame              Hex/Fire       0%         N/A       98%         3
 Teleport Other           Tloc           0%         N/A       98%         3
 Cause Fear               Hex            0%         N/A       100%        4
 Alistair's Intoxication  Tmut/Pois      0%         N/A       100%        5
 Borgnjor's Vile Clutch   Necr/Erth      0%         N/A       100%        5
 Eringya's Noxious Bog    Tmut/Pois      0%         N/A       100%        6
 Discord                  Hex            0%         N/A       100%        8


Dungeon Overview and Level Annotations

Branches:
Dungeon (4/15)
 Temple: D:4-7

Altars:
Hepliaklqana
Makhleb
Wu Jian

Shops:
D:2 :


Innate Abilities, Weirdness & Mutations

You are immune to sickness and miasma.
Your stone body is resilient. (AC +4)
You are immune to poison.
You resist negative energy. (rN+)
You are resistant to electric shocks. (rElec)
You are resistant to unholy torment.
You are immune to petrification.


Message History

The wight is heavily damaged.
The wight barely misses you.
You thump the wight!
You destroy the wight!
Things that are here:
a +0 falchion; a +0 robe You start resting.
HP restored.
There is an open door here.
A quokka comes into view. 2 wights come into view.
The wight moves out of view.
You see here 16 gold pieces.
You thump the quokka!
You kill the quokka!
There is an open door here.
The wight attacks as you move away! The wight barely misses you.
You hit the wight but do no damage. You block the wight's attack.
You hit the wight.
The wight is moderately damaged.
You block the wight's attack. The wight hits you but does no damage.
You barely miss the wight.
The wight is moderately damaged.
The wight hits you but does no damage. The wight hits you with a +0 hand axe.
You block the wight's attack. The wight hits you with a +4 battleaxe.
You hit the wight.
The wight is moderately damaged.
The wight closely misses you. The wight hits you with a +0 hand axe.
You closely miss the wight.
The wight is moderately damaged.
The wight barely misses you. The wight misses you.
The wight attacks as you move away! The wight hits you with a +4 battleaxe.
The wight attacks as you move away! You block the wight's attack.
The wight attacks as you move away! The wight hits you with a +4 battleaxe.
The wight attacks as you move away! The wight hits you with a +4 battleaxe!
* * * LOW HITPOINT WARNING * * *
You barely miss the wight.
The wight is moderately damaged.
The wight hits you with a +4 battleaxe!
You die...

#......# #......# #......#
#......# #......######
#......#....# #......#....#
#.zz...'....# #.@....#....#
#......#....###+#
..........#
+......#.........
..........#
#......#.........
..........#
#......#....#####
..........# #......#....#
..........#####......#....#
..........#...#......#....+
..........#...'......#..###


You could see 2 wights.

Vanquished Creatures
  A wight (D:4)
  A hound (D:4)
  A jelly (D:4)
  Terence (D:3)
  An orc wizard (D:3)
  6 adders
  A worm (D:2)
  A dart slug (D:1)
  4 orcs (D:3)
  6 bats
  7 endoplasms
  3 giant cockroaches
  8 goblins
  12 hobgoblins
  5 kobolds
  5 quokkas
  3 ball pythons
  A frilled lizard (D:1)
  4 rats
71 creatures vanquished.

Notes
Turn   | Place    | Note
-------+----------+-------------------------------------------
     0 | D:1      | mandoloar the Gargoyle Fighter began the quest for the Orb.
     0 | D:1      | Reached XP level 1. HP: 14/14 MP: 1/1
    82 | D:1      | Reached XP level 2. HP: 13/19 MP: 2/2
   233 | D:1      | Reached XP level 3. HP: 24/24 MP: 3/3
  1089 | D:2      | Reached XP level 4. HP: 29/29 MP: 4/4
  1132 | D:2      | Found Gul Ygy's Book Shoppe.
  1237 | D:2      | Reached skill level 3 in Maces & Flails
  1823 | D:3      | Found a burning altar of Makhleb.
  1859 | D:3      | Found a hazy altar of Hepliaklqana.
  2052 | D:3      | Found an ornate altar of the Wu Jian Council.
  2211 | D:3      | Reached XP level 5. HP: 33/33 MP: 5/5
  2221 | D:3      | Noticed Terence
  2242 | D:3      | Killed Terence
  2243 | D:3      | Reached skill level 4 in Maces & Flails
  2634 | D:4      | Reached XP level 6. HP: 35/38 MP: 6/6
  2641 | D:4      | Reached skill level 5 in Maces & Flails
  2963 | D:4      | Mangled by a wight

Illustrated notes

Levels and vault maps discovered:
D:1:      evilmike_arrival_plus, layout_basic, minmay_fountain_box,
          minmay_nonomino_d4
D:2:      layout_rooms, serial_shops, nicolae_shop_stone,
          ebering_dispersal_statue_hall
D:3:      kennysheep_big_flooded_room, layout_loops_ring,
          mainiacjoe_overflow_paths, bloody_makhleb,
          mainiacjoe_overflow_cross_hatched, uniq_terence
D:4:      layout_gridville

Skill      XL: |  1  2  3  4  5  6 |
---------------+-------------------+-----
Armour         | 4 |  4.3
Fighting       | 4 |  4.2
Maces & Flails | 3 4 5 |  5.3
Shields        | |  3.2

Action                     |  1- 3 |  4- 6 || total
---------------------------+-------+-------++-------
  Melee: Flail             |   105 |   124 ||   229
  Throw: Stone             |       |     1 ||     1
    Use: Scroll            |       |     8 ||     8
 Armour: Scale mail        |    64 |    56 ||   120
  Dodge: Dodged            |    43 |    65 ||   108
  Block: Buckler           |    26 |    30 ||    56

Table legend: (Time is in decaauts)
 A = Elapsed time spent in this place.
 B = Non-inter-level travel time spent in this place.
 C = Inter-level travel time spent in this place.
 D = Time resting spent in this place.
 E = Time spent auto-exploring this place.
 F = Levels seen in this place.
 G = Mean time per level.
                   A        B        C        D        E       F      G
               +--------+--------+--------+--------+--------+-----+--------+
         Total |   3025 |   2938 |     87 |    785 |   1433 |   4 |  756.2 |
       Dungeon |   3025 |   2938 |     87 |    785 |   1433 |   4 |  756.2 |
               +--------+--------+--------+--------+--------+-----+--------+

Top non-repeatable levels by time:
     D:1: 980 daAuts
     D:3: 931 daAuts
     D:2: 704 daAuts
     D:4: 409 daAuts
